 Dungeon Crawl Stone Soup version 0.28-a0-1087-gf3fc490d9d (webtiles) character file.

Game seed: 1136640561946988762

72 ytrimaz the Insei (level 4, 0/29 HPs)
             Began as an Octopode Transmuter on Dec 10, 2021.
             Slain by Robin (8 damage)
             ... on level 2 of the Dungeon.
             The game lasted 00:01:23 (1944 turns).

ytrimaz the Insei (Octopode Transmuter)             Turns: 1944, Time: 00:01:24

Health: 0/29       AC:  1    Str:  9    XL:     4   Next: 26%
Magic:  7/8        EV: 13    Int: 17    God:
Gold:   61         SH:  0    Dex: 12    Spells: 2/8 levels left

rFire   . . .      SeeInvis .     - Unarmed
rCold   . . .      Faith    .   (no shield)
rNeg    . . .      Spirit   .   (helmet restricted)
rPois   .          Reflect  .   (no amulet)
rElec   .          Harm     .   a - ring of resist corrosion
rCorr   +          Rampage  .   (no ring)
Will    .....                   (no ring)
Stlth   ++........              (no ring)
HPRegen 0.09/turn               (no ring)
MPRegen 0.11/turn               (no ring)
                                (no ring)
                                (no ring)

@: wereblooded
A: almost no armour, amphibious, 8 rings, camouflage 1, gelatinous body 1,
(nimble swimmer 1), tentacles
a: no special abilities


You were on level 2 of the Dungeon.
You visited 1 branch of the dungeon, and saw 2 of its levels.

You collected 61 gold pieces.

Inventory:

Jewellery
 a - a ring of resist corrosion (left tentacle)
Potions
 b - 3 potions of curing {unknown}
 c - a potion of haste {unknown}
 d - a potion of degeneration {unknown}
 e - a potion of mutation {unknown}


   Skills:
 * Level 1.9 Fighting
 - Level 2.0 Dodging
 + Level 3.8 Unarmed Combat
 * Level 2.7 Spellcasting
 + Level 2.4 Transmutations


You had 2 spell levels left.
You knew the following spells:

 Your Spells              Type           Power      Damage    Failure   Level
a - Beastly Appendage     Tmut           20%        N/A       7%          1
b - Spider Form           Tmut/Pois      6%         N/A       32%         3
c - Wereblood             Tmut           10%        N/A       10%         2

Your spell library contained the following spells:

 Spells                   Type           Power      Damage    Failure   Level
 Ice Form                 Ice/Tmut       6%         N/A       73%         4


Dungeon Overview and Level Annotations

Branches:
Dungeon (2/15)

Altars:

Annotations:
D:2 Robin


Innate Abilities, Weirdness & Mutations

You cannot wear most types of armour.
You are amphibious.
You can wear up to eight rings at the same time.
Your skin changes colour to match your surroundings (Stealth+).
Your rubbery body absorbs attacks. (AC +1, EV +1)
((You are camouflaged near water. (Stealth+)))
You have tentacles for arms and can constrict up to eight enemies at once.


Message History

Robin roars a battlecry!
The goblin barely misses you.
Unknown command.
You tentacle-slap the goblin.
You feel a bit better.
You kill the goblin!
Robin throws the goblin at you!
You barely miss the hobgoblin. Your grab misses the hobgoblin.
The goblin hits you with a +0 dagger.
The hobgoblin hits you but does no damage.
Unknown command.
You bludgeon the hobgoblin!
You feel a bit better.
You kill the hobgoblin!
The goblin hits you with a +0 dagger.
Unknown command.
You bludgeon the goblin!
You feel a bit better.
You kill the goblin!
You howl as the wereblood boils in your veins!
The goblin closely misses you. Robin throws the goblin at you!
You hear a shout!
The hobgoblin hits you.
Items here: ))) ††††.
Unknown command.
Unknown command.
You barely miss the goblin. You grab the goblin.
You howl as the wereblood boils in your veins!
You constrict the goblin. The goblin hits you with a +0 club.
* * * LOW HITPOINT WARNING * * *
The hobgoblin closely misses you.
Robin drinks a potion.
Robin seems to grow stronger.
You tentacle-slap the goblin.
You feel a bit better.
You kill the goblin!
The hobgoblin barely misses you.
Robin roars a battlecry!
Unknown command.
Unknown command.
You closely miss the hobgoblin. Your grab misses the hobgoblin.
You howl as the wereblood boils in your veins!
The hobgoblin barely misses you. The goblin misses you.
Robin hits you from afar with a +0 spear!
You die...

## .# ##.# ... . #..
# #g# # . #g# #
...### #@# #
.........##g## # ...
#..).## # ...(
#.....# # .....
#.....# # ####.#.##
#.....#
####.......###....##
..##.##.##....#####
#.##.##.##.#.##


You could see Robin (strong), a hobgoblin (strong) and a goblin (strong).

Vanquished Creatures
  Natasha (D:2)
  An adder (D:2)
  3 endoplasms (D:1)
  3 giant cockroaches
  6 goblins
  6 hobgoblins
  2 jackals (D:2)
  A kobold (D:1)
  2 quokkas (D:1)
  3 ball pythons (D:1)
  A bat (D:2)
  2 frilled lizards (D:1)
  5 rats (D:1)
36 creatures vanquished.

Notes
Turn   | Place    | Note
-------+----------+-------------------------------------------
     0 | D:1      | ytrimaz the Octopode Transmuter began the quest for the
                  | Orb.
     0 | D:1      | Reached XP level 1. HP: 13/13 MP: 3/3
   280 | D:1      | Reached XP level 2. HP: 14/18 MP: 3/5
   920 | D:1      | Found a faded altar of an unknown god.
  1260 | D:1      | Reached XP level 3. HP: 13/23 MP: 6/6
  1412 | D:1      | Learned a level 3 spell: Spider Form
  1415 | D:1      | Learned a level 2 spell: Wereblood
  1535 | D:2      | Noticed Natasha
  1545 | D:2      | Killed Natasha
  1875 | D:2      | Reached XP level 4. HP: 24/29 MP: 5/8
  1931 | D:2      | Noticed Robin
  1944 | D:2      | Slain by Robin

Illustrated notes

Levels and vault maps discovered:
D:1:      lightli_arrival_noodles, layout_basic,
          hellmonk_ecumenical_altar_inner_sanctum, minmay_misc_feat_five
D:2:      layout_loops_cross, uniq_natasha, uniq_robin

Action                   |  1- 3 |  4- 6 || total
-------------------------+-------+-------++-------
Melee: Unarmed           |    68 |    14 ||    82
       Constrict         |    14 |     4 ||    18
       Tentacles         |    12 |     1 ||    13
       Kick              |     7 |       ||     7
       Punch             |     1 |     1 ||     2
 Cast: Beastly Appendage |    11 |       ||    11
       Spider Form       |     1 |       ||     1
       Wereblood         |       |     1 ||     1
  Use: Scroll            |     3 |       ||     3
 Stab: Sleeping          |     5 |       ||     5
Armor: Skin              |     3 |     1 ||     4
Dodge: Dodged            |    42 |    11 ||    53

Table legend: (Time is in decaauts)
 A = Elapsed time spent in this place.
 B = Non-inter-level travel time spent in this place.
 C = Inter-level travel time spent in this place.
 D = Time resting spent in this place.
 E = Time spent auto-exploring this place.
 F = Levels seen in this place.
 G = Mean time per level.
                   A        B        C        D        E       F      G
               +--------+--------+--------+--------+--------+-----+--------+
         Total |   1938 |   1912 |     26 |    186 |   1462 |   2 |  969.0 |
       Dungeon |   1938 |   1912 |     26 |    186 |   1462 |   2 |  969.0 |
               +--------+--------+--------+--------+--------+-----+--------+

Top non-repeatable levels by time:
     D:1: 1532 daAuts
     D:2: 406 daAuts
